 Dungeon Crawl Stone Soup version 0.28.0-49-g6dfe1f597d (webtiles) character file.

Game seed: 2018100852408638177

15 Atelerd the Digger (level 2, 0/17 HPs)
             Began as an Octopode Earth Elementalist on May 15, 2022.
             Slain by a kobold
             ... wielding a +0 dagger
              (2 damage)
             ... on level 3 of the Dungeon.
             The game lasted 00:00:59 (1046 turns).

Atelerd the Digger (Octopode Earth Elementalist)    Turns: 1046, Time: 00:01:00

Health: 0/17       AC:  1    Str:  7    XL:     2   Next: 50%
Magic:  0/5        EV: 13    Int: 17    God:
Gold:   23         SH:  0    Dex: 12    Spells: 4/5 levels left

rFire   . . .      SeeInvis .   a - +0 dagger
rCold   . . .      Faith    .   (no shield)
rNeg    . . .      Spirit   .   (helmet restricted)
rPois   .          Reflect  .   (no amulet)
rElec   .          Harm     .   (no ring)
rCorr   .          Rampage  .   (no ring)
Will    .....                   (no ring)
Stlth   +++.......              (no ring)
HPRegen 0.05/turn               (no ring)
MPRegen 0.09/turn               (no ring)
                                (no ring)
                                (no ring)

@: brilliant
A: almost no armour, amphibious, 8 rings, camouflage 1, gelatinous body 1,
(nimble swimmer 1), tentacles
a: no special abilities


You were on level 3 of the Dungeon.
You visited 1 branch of the dungeon, and saw 3 of its levels.

You collected 23 gold pieces.

Inventory:

Hand Weapons
 a - a +0 dagger (weapon)
Missiles
 b - 38 stones
Scrolls
 c - a scroll of acquirement {unknown}
 f - a scroll of identify {unknown}


   Skills:
 - Level 2.0 Dodging
 - Level 2.6 Stealth
 + Level 2.2 Spellcasting
 + Level 1.0 Transmutations
 + Level 3.5 Earth Magic


You had 4 spell levels left.
You knew the following spells:

 Your Spells              Type           Power      Damage    Failure   Level
a - Sandblast             Erth           42%        2d11      4%          1

Your spell library contained the following spells:

 Spells                   Type           Power      Damage    Failure   Level
 Passwall                 Tmut/Erth      11%        N/A       11%         2
 Beastly Appendage        Tmut           16%        N/A       13%         1
 Wereblood                Tmut           8%         N/A       19%         2
 Stone Arrow              Conj/Erth      24%        3d8       26%         3
 Spider Form              Tmut/Pois      5%         N/A       43%         3
 Petrify                  Tmut/Erth      14%        N/A       58%         4


Dungeon Overview and Level Annotations

Branches:
Dungeon (3/15)

Altars:
Zin

Shops:
D:1 ?


Innate Abilities, Weirdness & Mutations

You cannot wear most types of armour.
You are amphibious.
You can wear up to eight rings at the same time.
Your skin changes colour to match your surroundings (Stealth+).
Your rubbery body absorbs attacks. (AC +1, EV +1)
((You are camouflaged when in or above water. (Stealth+)))
You have tentacles for arms and can constrict up to eight enemies at once.


Message History

An endoplasm comes into view. x2
There are monsters nearby!
There are monsters nearby!
Found a stone staircase leading down.
You see here a +0 dagger.
The endoplasm jiggles.
A giant cockroach comes into view.
Found a dagger and 22 bolts.
Found 5 gold pieces.
Casting: Sandblast (safe; 4% risk of failure)
Confirm with . or Enter, or press ? or * to list all spells.
Aiming: Sandblast (safe; 4% risk of failure)
Press: ? - help, Shift-Dir - straight line, f - giant cockroach
Aim: a giant cockroach (81% to hit)
You feel a surge of power!
The blast of sand hits the giant cockroach!
You kill the giant cockroach!
There is a stone staircase leading down here.
You climb downwards.
The kobold shouts!
You hear a shout!
There is a stone staircase leading up here.
Casting: Sandblast (safe; 4% risk of failure)
Confirm with . or Enter, or press ? or * to list all spells.
Okay, then.
Casting: Sandblast (safe; 4% risk of failure)
Confirm with . or Enter, or press ? or * to list all spells.
Aiming: Sandblast (safe; 4% risk of failure)
Press: ? - help, Shift-Dir - straight line, f - kobold
Aim: a kobold, wielding a +0 dagger and quivering stones (76% to hit)
You feel a surge of power!
The blast of sand misses the kobold.
The kobold barely misses you.
Unknown command.
Casting: Sandblast (safe; 4% risk of failure)
Confirm with . or Enter, or press ? or * to list all spells.
Aiming: Sandblast (safe; 4% risk of failure)
Press: ? - help, Shift-Dir - straight line, f/p - kobold
Aim: a kobold, wielding a +0 dagger and quivering stones (76% to hit)
You feel a surge of power!
The blast of sand misses the kobold.
The kobold hits you with a +0 dagger.
You die...

## ##
##.
.##
#..
..#
..♣g.
#...#
#...#
#.@.#
#..K#
#...#
..♣..
#..
..#
##.
.##
## ##


You could see a goblin and a kobold.

Vanquished Creatures
  A ball python (D:2)
  2 bats (D:2)
  3 endoplasms
  A giant cockroach (D:2)
  A goblin (D:1)
  A hobgoblin (D:1)
  2 kobolds (D:1)
  3 rats
14 creatures vanquished.

Notes
Turn   | Place    | Note
-------+----------+-------------------------------------------
     0 | D:1      | Atelerd the Octopode Earth Elementalist began the quest for
                  | the Orb.
     0 | D:1      | Reached XP level 1. HP: 11/11 MP: 3/3
   643 | D:1      | Found Adeit's Magic Scroll Shop.
   650 | D:1      | Reached XP level 2. HP: 17/17 MP: 5/5
   923 | D:2      | Found a glowing silver altar of Zin.
  1046 | D:3      | Slain by a kobold

Illustrated notes

Levels and vault maps discovered:
D:1:      dpeg_arrival_tiny_d, layout_basic, serial_shops, shop_fountains
D:2:      layout_basic, shapermc_ecumenical_altar_totnotflames, basic_altar,
          kennysheep_generic_room_3
D:3:      layout_basic, serial_shops, shop, grunt_ministairs_15,
          nicolae_concentric_dashed_squares_wild, lexackson_kobold_supper

Action                   || total
-------------------------++-------
Melee: Dagger            ||    21
       Unarmed           ||     4
       Tentacles         ||     3
       Constrict         ||     4
 Cast: Sandblast         ||    12
  Use: Scroll            ||     2
       Potion            ||     1
 Stab: Sleeping          ||     5
Armor: Skin              ||     2
Dodge: Dodged            ||    25
